cohdb
Replays
Latest Replays
All Replays
Popular Replays
Top Player Replays
Match Explorer
How It Works
Community
CoH3 Stats
Reddit
Sign in to upload your games and track your stats! →
Sign in with Steam
Match 41181775
Unlisted
Match 41181775
Overview
Messages
Build Orders
End
Construct Barracks
Riflemen Squad
Riflemen Squad
1⁄4-ton 4x4 Truck
Riflemen Squad
M1 Mortar Team
Infantry Support Center
Construct Medical Station
Construct Motor Pool
M8 Greyhound Armored Car
M1918 Browning Automatic Rifles
Engineer Squad
Construct Weapon Support Center
M1919 Machine Gun Team
M3 Armored Personnel Carrier
Genki
Wrujo
0
0
Comments
sign in to comment!
No comments posted yet!